[Event "Polish Ekstraliga 2024"]
[Site "Walbrzych"]
[Date "2024.10.09"]
[Round "3.10"]
[White "Warakomski, Tomasz"]
[Black "Mastrovasilis, Dimitrios"]
[Result "0-1"]
[ECO "C55"]
[WhiteElo "2545"]
[BlackElo "2532"]
[Annotator "RC"]
[PlyCount "198"]
[EventDate "2024.10.05"]
[EventType "team-tourn"]
[EventCountry "POL"]
[SourceTitle "playchess.com"]
[Source "ChessBase"]
[SourceQuality "1"]
[WhiteTeam "Gliwice"]
[BlackTeam "Polonia Wroclaw"]
[TimeControl "40/5400+30:1800+30"]

1. e4 e5 2. Bc4 Nf6 3. d3 Nc6 4. Nf3 h6 5. O-O d6 6. c3 Be7 7. Re1 O-O 8. b4 a6 9. a4 Be6 10. Bxe6 fxe6 11. Ra2 Qd7 12. Rd2 Qe8 13. b5 axb5 14. axb5 Nd8 15. Rb2 Qg6 16. d4 exd4 17. Nxd4 Nd7 18. f4 Nc5 19. Rbe2 Bf6 20. Ba3 b6 21. Rf1 Qh5 22. Rf3 Ndb7 23. Nc6 Rf7 24. h3 Qg6 25. f5 Qh5 26. fxe6 Nxe6 27. Rf5 Ng5 28. Qd3 Re8 29. Nd2 Nd8 30. Nxd8 Bxd8 31. Ref2 Bf6 32. Nf1 Qg6 33. Ng3 Be5 34. Rxf7 Nxf7 35. Nf5 Qe6 36. Bc1 Bf6 37. Re2 Qe5 38. c4 Qa1 39. Re1 Qc3 40. Qe2 Kh7 41. Rf1 Qe5 42. Re1 Qc3 43. Kh1 Ng5 44. Bxg5 Bxg5 45. h4 Bf6 46. h5 Kh8 47. Kh2 Kh7 48. g3 Kh8 49. Kh3 Bg5 50. Kg4 Bf6 51. Rd1 Qe5 52. Kf3 Qc3+ 53. Qd3 Qb2 54. Qd5 Qb3+ 55. Rd3 Qb1 56. Kg4 Re5 57. Qa8+ Kh7 58. Re3 Qd1+ 59. Rf3 Qe2 60. Qa3 Rxe4+ 61. Kh3 Qd1 62. Kg2 Re2+ 63. Kh3 Re4 64. Kg2 Rxc4 65. Ne3 Qd2+ 66. Rf2 Rc3 67. Rxd2 Rxa3 68. Nd5 Be5 69. Nxc7 Rxg3+ 70. Kf1 Rb3 71. Rd5 g6 72. Na8 gxh5 73. Nxb6 h4 74. Nc4 h3 75. Rd1 Rxb5 76. Kg1 Rb8 77. Kh1 Bf4 78. Rf1 Bg3 79. Rg1 d5 80. Na5 Bf4 81. Nc6 Rb6 82. Ne7 Rd6 83. Rf1 Bg5 84. Rf7+ Kh8 85. Rf8+ Kg7 86. Nf5+ Kxf8 87. Nxd6 d4 88. Ne4 Bf4 89. Nf2 Kf7 90. Nd3 Bd6 91. Nf2 Ke6 92. Nxh3 d3 93. Nf2 d2 94. Kg2 Bc5 95. Nd1 h5 96. Kf3 Ke5 97. Nb2 Kd4 98. Ke2 Kc3 99. Nd3 d1=Q+ 0-1

[Event "Polish Ekstraliga 2024"]
[Site "Walbrzych"]
[Date "2024.10.09"]
[Round "3.11"]
[White "Gumularz, Szymon"]
[Black "Kantans, Toms"]
[Result "1/2-1/2"]
[ECO "A35"]
[WhiteElo "2559"]
[BlackElo "2493"]
[Annotator "TA"]
[PlyCount "103"]
[EventDate "2024.10.05"]
[EventType "team-tourn"]
[EventCountry "POL"]
[SourceTitle "playchess.com"]
[Source "ChessBase"]
[SourceQuality "1"]
[WhiteTeam "Polonia Wroclaw"]
[BlackTeam "Gliwice"]
[TimeControl "40/5400+30:1800+30"]

1. c4 c5 2. Nf3 Nc6 3. Nc3 Nf6 4. g3 d5 5. d4 cxd4 6. Nxd4 dxc4 7. Nxc6 Qxd1+ 8. Nxd1 bxc6 9. Bg2 Nd5 10. Ne3 e6 11. Nxc4 Ba6 12. b3 Be7 {[%emt 0:04:41] White has an edge.} 13. Bd2 O-O 14. Rc1 Rac8 15. O-O c5 16. Rfd1 Nb4 17. Bxb4 cxb4 18. Rd7 $1 Bc5 19. Bb7 Bxb7 20. Rxb7 Rfd8 21. Kf1 Bb6 22. Ke1 h5 23. e3 f6 24. Rd1 Rxd1+ 25. Kxd1 $14 {[%emt 0:00:05][%cal Oc4b2][%mdl 4096] Endgame. KRB-KRN} Bc5 {[%emt 0:00:04] [#]} (25... Rc6 $14) 26. h3 {[%emt 0:08:01] White is more active.} (26. Nb2 $1 $16) 26... Kh7 ({Better is} 26... Rc6 $14) 27. Ke2 (27. Nb2 $16) 27... Rc6 28. Rb5 g5 29. g4 hxg4 30. hxg4 Rc7 31. f4 gxf4 32. exf4 Kg6 33. Kf3 Be7 34. Ra5 Bc5 35. Ra6 Kf7 36. f5 ({White should try} 36. g5 $14) 36... exf5 $11 {[%emt 0:01:03] The position is equal.} 37. gxf5 Kg7 38. Re6 Rd7 39. Rc6 Rd5 40. Kg4 Kf7 41. Rc7+ Ke8 42. Rb7 Kd8 43. Rh7 Rd1 44. Rh2 Rg1+ 45. Kf3 Kc7 46. Rh6 Rf1+ 47. Ke4 Re1+ 48. Kd3 Be7 49. Ne3 Kc6 {[%emt 0:00:36] Against Nd5} 50. Ng4 Rd1+ 51. Kc2 Ra1 52. Nxf6 {[%emt 0:03:13] Weighted Error Value: White=0.07 (flawless) /Black=0.06 (flawless) .  Mistake:       	White=3     	Black=2      Inaccurate:     	---       	Black=1      OK:         	White=12    	Black=23     Best:        	White=4     	Black=1} 1/2-1/2

[Event "Polish Ekstraliga 2024"]
[Site "Walbrzych"]
[Date "2024.10.09"]
[Round "3.12"]
[White "Antolak, Julia"]
[Black "Zawadzka, Jolanta"]
[Result "1/2-1/2"]
[ECO "C56"]
[WhiteElo "2281"]
[BlackElo "2349"]
[Annotator "RC"]
[PlyCount "43"]
[EventDate "2024.10.05"]
[EventType "team-tourn"]
[EventCountry "POL"]
[SourceTitle "playchess.com"]
[Source "ChessBase"]
[SourceQuality "1"]
[WhiteTeam "Gliwice"]
[BlackTeam "Polonia Wroclaw"]
[TimeControl "40/5400+30:1800+30"]

1. e4 e5 2. Nf3 Nc6 3. Bc4 Nf6 4. d4 exd4 5. O-O Nxe4 6. Re1 d5 7. Bxd5 Qxd5 8. Nc3 Qh5 9. Nxe4 Be6 10. Bg5 Bd6 11. Nxd6+ cxd6 12. Bf4 Qc5 13. c3 O-O 14. Nxd4 Nxd4 15. Be3 Rfe8 16. Bxd4 Qf5 17. Re3 a6 18. Qd2 f6 19. Rae1 Bf7 20. a3 Rxe3 21. Bxe3 d5 22. h3 1/2-1/2

[Event "Polish Ekstraliga 2024"]
[Site "Walbrzych"]
[Date "2024.10.09"]
[Round "3.13"]
[White "Mendonca, Leon Luke"]
[Black "Bluebaum, Matthias"]
[Result "1/2-1/2"]
[ECO "C55"]
[WhiteElo "2622"]
[BlackElo "2646"]
[Annotator "TA"]
[PlyCount "163"]
[EventDate "2024.10.05"]
[EventType "team-tourn"]
[EventCountry "POL"]
[SourceTitle "playchess.com"]
[Source "ChessBase"]
[SourceQuality "1"]
[WhiteTeam "Bydgoszcz"]
[BlackTeam "Raciborz"]
[TimeControl "40/5400+30:1800+30"]

1. e4 e5 2. Nf3 Nc6 3. Bc4 Nf6 4. d3 Be7 5. O-O O-O 6. Nc3 d6 7. a3 a5 {[%emt 0:00:38] C55: Two Knights: 4 d3, 4 d4 exd4 5 e5 and Max Lange Attack.} 8. Re1 Be6 9. Nd5 h6 10. h3 Re8 11. Bd2 $146 ({Predecessor:} 11. Nxf6+ Bxf6 12. Bxe6 Rxe6 13. c4 Kh7 14. b3 g6 15. Qd2 Bg7 16. Bb2 Qd7 17. b4 {½-½ Vaishali,R (2506)-Muzychuk,A (2525) Tbilisi FIDE GP (Women) 2024 (7)}) 11... Bf8 12. b4 axb4 13. axb4 Bxd5 14. exd5 Ne7 15. Bb5 Rxa1 16. Qxa1 c6 17. dxc6 bxc6 18. Bc4 Ng6 19. Bb3 Qb6 20. Qa5 Qb7 21. Ra1 d5 22. Qa6 Qc7 23. b5 cxb5 24. Qxb5 Rb8 25. Qa5 Qc8 26. Qa6 Qc7 27. Qa7 Rb7 28. Qa5 Bc5 29. Qxc7 Rxc7 30. Ra8+ Kh7 31. Ba5 Rc6 32. Ba4 Re6 33. Rc8 Ba7 34. Bb3 e4 35. dxe4 Ra6 36. e5 Nxe5 37. Bc3 Nxf3+ 38. gxf3 Kg6 39. Rc7 Bb6 40. Rb7 Bc5 41. Kf1 Ra7 42. Rb5 Rc7 43. Be5 Rc8 44. Rb7 Rd8 45. Rb5 Rc8 $1 46. Rb7 Rd8 $1 47. Bb2 Rd6 48. Kg2 Rb6 49. Rc7 Bd6 50. Ra7 Bc5 51. Ra5 Bb4 52. Ra8 Bd6 53. Bc1 Rc6 54. Ra7 Bc5 55. Rb7 Rb6 56. Rc7 Bd6 57. Ra7 Bc5 58. Ra5 Bb4 59. Ra8 Rc6 60. Rb8 Bc3 61. Rb5 Kf5 62. Bxd5 Nxd5 63. Rxd5+ Ke6 64. Rd3 Be5 65. Rd2 Kf5 66. Re2 Rg6+ 67. Kf1 Bh2 68. Re1 Rc6 69. Kg2 Be5 70. Re2 Rg6+ 71. Kh1 Rc6 72. Be3 h5 73. Kg2 Rc4 74. Rd2 f6 75. Kf1 g5 76. Kg2 Ke6 77. Re2 Kf5 78. Bb6 Kg6 79. Ba5 Bc3 80. Bb6 Be5 81. Ba5 Bc3 82. Bb6 1/2-1/2

[Event "Polish Ekstraliga 2024"]
[Site "Walbrzych"]
[Date "2024.10.09"]
[Round "3.14"]
[White "Donchenko, Alexander"]
[Black "Wojtaszek, Radoslaw"]
[Result "1-0"]
[ECO "A20"]
[WhiteElo "2626"]
[BlackElo "2673"]
[Annotator "TA"]
[PlyCount "77"]
[EventDate "2024.10.05"]
[EventType "team-tourn"]
[EventCountry "POL"]
[SourceTitle "playchess.com"]
[Source "ChessBase"]
[SourceQuality "1"]
[WhiteTeam "Raciborz"]
[BlackTeam "Bydgoszcz"]
[TimeControl "40/5400+30:1800+30"]

1. c4 e5 2. Nf3 e4 3. Nd4 Nc6 4. e3 Nf6 5. Nc3 Bb4 6. Qb3 {[%emt 0:00:35] And now Nxc6 would win.} Nxd4 7. exd4 Ba5 8. Qb5 ({White should try} 8. Qa3 $11 c6 9. d3) 8... Bxc3 (8... Bb6 $15) 9. Qe5+ $14 (9. bxc3 O-O $11) 9... Qe7 10. dxc3 (10. bxc3 d6 11. Qxe7+ Kxe7) (10. Qxe7+ {simplifies} Kxe7 11. dxc3 d6 12. Be3) 10... d6 11. Qg5 O-O 12. Be2 Re8 13. O-O h6 14. Qg3 Kh7 15. a4 a5 16. b4 b6 17. Bf4 Bf5 {[%emt 0:02:13] [#]} 18. c5 $1 bxc5 (18... g5 19. Bc1) 19. bxc5 dxc5 20. Bxc7 cxd4 21. cxd4 Nd5 22. Be5 f6 23. Bd6 Qf7 24. Rac1 Rad8 (24... Bc8 $11) 25. Rc5 e3 26. Bb5 Re4 {[%emt 0:05:47] [#]} (26... e2 27. Re1 (27. Bxe8 $2 exf1=R+ 28. Kxf1 Qxe8 $19) 27... Re6 28. Rxd5 $11) ({Black should play} 26... Re6 $14 27. Bc7 (27. Rxd5 Be4 $11) 27... Nxc7 28. Rxc7 Re7 29. Rxe7 Qxe7) 27. Bd3 $1 $16 e2 (27... exf2+ $16 {is a better defense.} 28. Qxf2 Bg6) 28. Re1 $18 (28. Bxe4 $2 exf1=Q+ (28... exf1=R+ $2 29. Kxf1 Bxe4 30. Rc1 $19) 29. Kxf1 Bxe4 $19) 28... Qe6 29. Bc7 Rd7 30. Bxa5 Nf4 (30... g6 $142) 31. Bc4 Nd5 {[%emt 0:00:03] [#]} 32. Bd3 $2 (32. Qb3 Rxd4 33. Qf3 (33. Bxe2 Qd6 $16) 33... Bg4 $11) ({White has to play} 32. Qd3 $1 $18) 32... Nf4 $1 $14 33. Bc4 $2 (33. Bc3 $14 Nxd3 34. Qxd3) 33... Nd5 $18 34. h3 (34. Qb3 Rxd4 35. Rxe2 (35. Bxe2 Qd6 $16) 35... Qd6 36. Rxd5 Rxd5 37. Bxd5 Qxd5 38. Qxd5 Rxd5 $16) ({Better is} 34. Qd3 $18) 34... Bg6 $2 {[%emt 0:02:21] This costs Black the game.} (34... Rxd4 $16 {was called for.} 35. Rxe2 Re4 36. Rxe4 Qxe4) 35. Bc3 (35. Qf3 Rxd4 36. Qb3 (36. Bxe2 Qd6 $16) (36. Qxe2 Qxe2 37. Bxe2 Rxa4 $14) 36... Qd6 $14) 35... f5 36. Qf3 Qf7 (36... Bf7 $142 37. Bb2 (37. Rxe2 Rxe2 38. Qxe2 Qxe2 $18) (37. Bxe2 Nxc3 38. Rxc3 Rdxd4 $11) 37... Qg6 38. Rxe2 (38. Bxe2 Rde7 $16) 38... Nf6 39. Bxf7 (39. Qxf5 Qxf5 40. Rxf5 Bxc4 $17) (39. Rxf5 Bxc4 40. Rxe4 Nxe4 $18) 39... Rxf7) 37. Ba1 {[%emt 0:01:02] A strong pair of Bishops.} (37. Rxe2 Bh5 38. g4 Bxg4 39. hxg4 Rxg4+ 40. Kf1 Qg6 $18) (37. Bxe2 Qe7 $16) 37... Qg8 38. Rxe2 ({Less strong is} 38. Bxe2 Nf4 39. Re5 Nxe2+ 40. Rxe2 Qc4 41. R2xe4 fxe4 $16) 38... Qb8 $2 (38... Qa8 39. a5 Nf6) 39. Rxd5 {[%emt 0:01:07] Weighted Error Value: White=0.29 (precise) /Black=0.35.  Loses game:     	---       	Black=1      Missed win:     	White=1     	---        Mistake:       	White=3     	Black=7      Inaccurate:     	White=1     	Black=1      OK:         	White=9     	Black=10     Best:        	White=4     	Black=3      Strong:       	White=1     	Black=1} 1-0

[Event "Polish Ekstraliga 2024"]
[Site "Walbrzych"]
[Date "2024.10.09"]
[Round "3.15"]
[White "Teclaf, Pawel"]
[Black "Huschenbeth, Niclas"]
[Result "1/2-1/2"]
[ECO "A05"]
[WhiteElo "2552"]
[BlackElo "2600"]
[Annotator "TA"]
[PlyCount "112"]
[EventDate "2024.10.05"]
[EventType "team-tourn"]
[EventCountry "POL"]
[SourceTitle "playchess.com"]
[Source "ChessBase"]
[SourceQuality "1"]
[WhiteTeam "Bydgoszcz"]
[BlackTeam "Raciborz"]
[TimeControl "40/5400+30:1800+30"]

1. Nf3 Nf6 2. g3 c5 3. Bg2 g6 4. c4 Bg7 5. O-O O-O 6. d4 cxd4 7. Nxd4 d5 8. cxd5 Nxd5 9. Nc3 Nxc3 10. bxc3 Nc6 11. Nxc6 bxc6 12. Qxd8 Rxd8 13. Bxc6 Rb8 14. Be3 Bb7 (14... Bh3 $11 {hält das Gleichgewicht.} 15. Bxa7 Bxf1 16. Bxb8 Bxe2) 15. Bxb7 $16 {[%emt 0:07:48] Weiß steht besser.} Rxb7 16. Rab1 Rc7 17. Rfc1 Bxc3 18. Rb3 Be5 19. Rxc7 Bxc7 {[%emt 0:00:03][%mdl 4096] Endspiel. KRB-KRB} 20. Rb7 Bb6 21. Rxe7 Kf8 22. Re4 {[%emt 0:00:23] Weiß steht aktiver.} Bxe3 23. Rxe3 {[%emt 0:00:06] KR-KR} ({Bitte nicht} 23. fxe3 $6 Rd2 $11) 23... Rd2 {[%emt 0:00:07] [#]} 24. a3 (24. Ra3 $1 $16) 24... h5 (24... Ra2 $14) 25. Kf1 ({Besser ist} 25. Re5 $16) 25... Ra2 $14 26. Kg2 Kg7 27. Kf3 Kf6 28. Ke4 Rd2 29. f4 a6 30. Kf3 {[%emt 0:01:46] Droht stark Rd3.} Ra2 31. h3 Ra1 32. Ke4 Ra2 33. Kf3 Ra1 34. Rb3 a5 35. g4 hxg4+ 36. hxg4 a4 {[%emt 0:00:46] [#]} 37. Rc3 (37. g5+ $1 $16 Ke6 38. Rc3) 37... g5 $11 38. e3 gxf4 39. exf4 Kg6 40. Ke4 f5+ {[%emt 0:00:00] Die Stellung ist ausgeglichen.} 41. gxf5+ Kf6 $1 42. Rc6+ Kf7 43. Ke5 {[%emt 0:00:49] Und jetzt Rc7+ wäre schön.} Re1+ 44. Kd4 {[%emt 0:00:54] Rc4 ist eine echte Drohung.} Ra1 45. Rc3 {[%emt 0:00:24] Und Kc5 würde nun gewinnen.} Kf6 46. Ke4 Ra2 47. Rd3 Ra1 48. Kd5 Kxf5 49. Kc5 Kxf4 50. Rd4+ Ke5 51. Rxa4 Rc1+ 52. Kb6 Rc3 53. Ra8 Kd6 54. Rd8+ Ke7 55. Ra8 Kd6 56. Rd8+ Ke5 $2 {[%mdl 40960] Gewichteter Fehlerwert: Weiß=0.12 (sehr präzise) /Schwarz=0.10 (sehr präzise) .  Verlustzug:     	---       	Schwarz=1     Fehler:       	Weiß=3     	Schwarz=2     Ungenau:       	Weiß=4     	Schwarz=3     OK:         	Weiß=12    	Schwarz=19    Bester:       	Weiß=2     	Schwarz=7     Stark:        	---       	Schwarz=1    . Ein unerwartetes Ergebnis.} (56... Ke7 $11 57. Ra8 Kd6) 1/2-1/2

[Event "Polish Ekstraliga 2024"]
[Site "Walbrzych"]
[Date "2024.10.09"]
[Round "3.16"]
[White "Krzyzanowski, Marcin"]
[Black "Nasuta, Grzegorz"]
[Result "1/2-1/2"]
[ECO "B96"]
[WhiteElo "2509"]
[BlackElo "2545"]
[Annotator "TA"]
[PlyCount "43"]
[EventDate "2024.10.05"]
[EventType "team-tourn"]
[EventCountry "POL"]
[SourceTitle "playchess.com"]
[Source "ChessBase"]
[SourceQuality "1"]
[WhiteTeam "Raciborz"]
[BlackTeam "Bydgoszcz"]
[TimeControl "40/5400+30:1800+30"]

1. e4 c5 2. Nf3 d6 3. d4 cxd4 4. Nxd4 Nf6 5. Nc3 a6 6. Bg5 e6 7. f4 h6 8. Bh4 Nbd7 9. Qf3 e5 10. Nf5 {[%emt 0:03:39] Mit der Idee 0-0-0.} exf4 $1 11. Qxf4 {[%emt 0:04:56][%cal Oe1c1] Droht 0-0-0! und aus.} g5 {[%emt 0:00:16] Die Stellung ist ausgeglichen.} 12. Nxd6+ Bxd6 13. Qxd6 gxh4 14. e5 $1 Ng4 15. Nd5 {[%emt 0:00:30] Pariert Qb6.} Qg5 $1 16. Nc7+ Kd8 {[%emt 0:00:09] [#] Droht stark ...Qe3+.} 17. Nxa8 Qe3+ 18. Be2 {[%emt 0:00:05] Und Rf1 würde nun gewinnen.} Qf2+ 19. Kd2 {[%emt 0:00:39] Rhf1 wäre nun fies.} Qe3+ 20. Ke1 Qf2+ 21. Kd2 {[%emt 0:00:34] [#] Und jetzt Qc7+ wäre schön.} Qe3+ 22. Ke1 {[%emt 0:00:07] Ein ziemlich ruhiges Remis.   Gewichteter Fehlerwert: Weiß=0.03 (makellos) /Schwarz=0.00 (makellos) .  Ungenau:       	Weiß=1     	---        OK:         	Weiß=2     	Schwarz=4     Bester:       	Weiß=4     	Schwarz=5     Stark:        	Weiß=1     	Schwarz=2} 1/2-1/2

[Event "Polish Ekstraliga 2024"]
[Site "Walbrzych"]
[Date "2024.10.09"]
[Round "3.17"]
[White "Kazakouski, Valery"]
[Black "Jakubowski, Krzysztof"]
[Result "1/2-1/2"]
[ECO "B40"]
[WhiteElo "2557"]
[BlackElo "2443"]
[Annotator "TA"]
[PlyCount "90"]
[EventDate "2024.10.05"]
[EventType "team-tourn"]
[EventCountry "POL"]
[SourceTitle "playchess.com"]
[Source "ChessBase"]
[SourceQuality "1"]
[WhiteTeam "Bydgoszcz"]
[BlackTeam "Raciborz"]
[TimeControl "40/5400+30:1800+30"]

1. e4 c5 2. Nf3 e6 3. d4 cxd4 4. Nxd4 Nf6 5. Nc3 Nc6 6. Ndb5 Bb4 7. a3 Bxc3+ 8. Nxc3 d5 9. exd5 exd5 10. Bd3 O-O 11. O-O Bg4 12. f3 Bh5 13. Bg5 Qb6+ 14. Kh1 {[%emt 0:00:42] Active counter play!} Ne4 15. Nxe4 {[%emt 0:00:16] White is slightly better.} dxe4 16. Bxe4 Qxb2 17. Qb1 Qb6 18. Qxb6 axb6 19. Rfb1 Bg6 20. Bxg6 hxg6 21. Rxb6 Nd4 22. c3 Nc2 23. Rc1 Rfe8 24. h3 (24. Rxc2 $2 Re1#) 24... Nxa3 25. Rxb7 f6 26. Bf4 g5 27. Bg3 {[%emt 0:01:01] [#] c4 would now be deadly.} Nc4 28. Rc7 Ne3 29. Re1 Kh7 30. Bf2 Nd5 {[%emt 0:11:58] The position is equal.} 31. Rxe8 Rxe8 $11 {[%emt 0:00:06][%mdl 4096] Endgame. KRB-KRN} 32. Rc5 Nf4 33. Bg3 Ne2 34. Kh2 Kg6 35. c4 Ra8 36. Bd6 Ra2 37. Rd5 Rc2 38. c5 Rc4 39. Rd2 Nd4 40. Rb2 Ne6 41. Rb7 Rc2 42. Re7 Nd4 43. Kh1 Rc1+ 44. Kh2 Rc2 45. Kh1 Rc1+ {Weighted Error Value: White=0.03 (flawless) /Black=0.04 (flawless) .  Inaccurate:     	White=2     	Black=1      OK:         	White=12    	Black=23     Best:        	White=1     	---} 1/2-1/2

[Event "Polish Ekstraliga 2024"]
[Site "Walbrzych"]
[Date "2024.10.09"]
[Round "3.18"]
[White "Narva, Mai"]
[Black "Kiolbasa, Oliwia"]
[Result "1/2-1/2"]
[ECO "C78"]
[WhiteElo "2415"]
[BlackElo "2351"]
[Annotator "RC"]
[PlyCount "109"]
[EventDate "2024.10.05"]
[EventType "team-tourn"]
[EventCountry "POL"]
[SourceTitle "playchess.com"]
[Source "ChessBase"]
[SourceQuality "1"]
[WhiteTeam "Raciborz"]
[BlackTeam "Bydgoszcz"]
[TimeControl "40/5400+30:1800+30"]

1. e4 e5 2. Nf3 Nc6 3. Bb5 a6 4. Ba4 Nf6 5. O-O b5 6. Bb3 Bc5 7. a4 Rb8 8. axb5 axb5 9. Nxe5 Nxe5 10. d4 Bxd4 11. Qxd4 d6 12. f4 Nc6 13. Qc3 Ne7 14. e5 Ne4 15. Qe1 Nc5 16. Ba2 O-O 17. b4 dxe5 18. Bb2 Na4 19. Bxe5 Nc6 20. Nc3 Nxe5 21. Qxe5 Nxc3 22. Qxc3 Rb6 23. Bb3 Bb7 24. f5 Qg5 25. Rf2 Rf6 26. Qc5 Be4 27. Qxb5 Rxf5 28. Qe2 Rxf2 29. Qxf2 h6 30. Rd1 Kh7 31. h4 Qg4 32. Rd4 f5 33. Be6 Qg6 34. Bc4 Ra8 35. Bd3 Bxd3 36. Rxd3 Ra2 37. Kh2 f4 38. Qxf4 Rxc2 39. Rg3 Qc6 40. b5 Qc4 41. Qf5+ Kh8 42. Qf8+ Qg8 43. Qe7 Rb2 44. Rd3 Qc4 45. Qf8+ Qg8 46. Qf5 Qe8 47. Rd7 Rf2 48. Qd5 Qe3 49. Rd8+ Kh7 50. Qg8+ Kg6 51. h5+ Kxh5 52. Qxg7 Qf4+ 53. Qg3 Qxg3+ 54. Kxg3 Rf5 55. Rd7 1/2-1/2

[Event "Polish Ekstraliga 2024"]
[Site "Walbrzych"]
[Date "2024.10.09"]
[Round "3.19"]
[White "Janik, Igor"]
[Black "Ponomariov, Ruslan"]
[Result "1/2-1/2"]
[ECO "A06"]
[WhiteElo "2501"]
[BlackElo "2655"]
[Annotator "RC"]
[PlyCount "31"]
[EventDate "2024.10.05"]
[EventType "team-tourn"]
[EventCountry "POL"]
[SourceTitle "playchess.com"]
[Source "ChessBase"]
[SourceQuality "1"]
[WhiteTeam "Gorzow Wlkp"]
[BlackTeam "Katowice"]
[TimeControl "40/5400+30:1800+30"]

1. Nf3 d5 2. g3 g6 3. d4 Bg7 4. Bg2 c6 5. O-O Nf6 6. c3 O-O 7. a4 Nbd7 8. a5 Re8 9. Bf4 Nh5 10. Nbd2 Nxf4 11. gxf4 Nf6 12. Qb3 Qc7 13. e3 Be6 14. Ne5 c5 15. Qb5 b6 16. axb6 1/2-1/2

[Event "Polish Ekstraliga 2024"]
[Site "Walbrzych"]
[Date "2024.10.09"]
[Round "3.20"]
[White "Navara, David"]
[Black "Krasenkow, Michal"]
[Result "1/2-1/2"]
[ECO "B04"]
[WhiteElo "2683"]
[BlackElo "2490"]
[Annotator "TA"]
[PlyCount "231"]
[EventDate "2024.10.05"]
[EventType "team-tourn"]
[EventCountry "POL"]
[SourceTitle "playchess.com"]
[Source "ChessBase"]
[SourceQuality "1"]
[WhiteTeam "Katowice"]
[BlackTeam "Gorzow Wlkp"]
[TimeControl "40/5400+30:1800+30"]

1. e4 Nf6 2. e5 Nd5 3. d4 d6 4. Nf3 dxe5 5. Nxe5 c6 6. Be2 Nd7 7. Nf3 N7f6 8. c4 Nb6 9. a4 {[%emt 0:11:00][%cal Ba2a4,Ba4a5][%mdl 32] White is slightly better.} Bg4 10. a5 $1 Nbd7 11. h3 Bxf3 12. Bxf3 ({Much worse is} 12. gxf3 $6 Qc7 $11) 12... a6 13. Bf4 e6 14. O-O Be7 15. Nc3 O-O 16. Bh2 Ne8 {[%emt 0:04:42][%cal Bf6e8,Be8d6,Bd6c8][%mdl 32] [#]} 17. Qb3 $1 {[%emt 0:01:31] Black is weak on the light squares} Ra7 18. Ne4 Ndf6 {[%emt 0:04:34] [#]} (18... Nef6 $16) 19. Qb6 $1 $18 Qa8 20. Nc5 (20. Nxf6+ $18 Nxf6 21. Bf4) 20... Nd6 $16 21. Rac1 Rd8 (21... Nf5 $16 {might work better.}) 22. Rfd1 $18 Nc8 23. Qc7 (23. Qb3 $18) 23... Ne8 $16 24. Qb8 {[%emt 0:05:47] White is much more active.} (24. Qe5 $142) 24... Qxb8 25. Bxb8 Ra8 {[%emt 0:00:03] White must now prevent ...Bxc5.} 26. Bh2 Bxc5 27. dxc5 Ne7 28. g4 f6 29. Be4 g6 30. b4 e5 31. g5 fxg5 32. Bxe5 Kf7 33. Bf3 {[%emt 0:03:25] This pair of bishops is nice.} Ke6 (33... Ng7 $14) 34. Re1 Kf7 35. Rcd1 Nf5 36. Rxd8 Rxd8 {[%emt 0:00:01] [#]} 37. b5 $1 Nd4 (37... Ne7 38. Rb1) 38. Bxd4 Rxd4 39. bxc6 bxc6 40. Bxc6 $14 {[%emt 0:00:00][%mdl 4096] Endgame. KRB-KRN} Nc7 41. Rb1 Kf6 $1 42. Rb7 Ne6 43. Bd5 Nxc5 44. Rc7 Nd3 45. Rxh7 (45. Rc6+ $14 Kf5 46. Rxa6) 45... Nf4 $11 46. Ra7 Nxh3+ ({Better is} 46... Kf5 $1 $11) 47. Kh2 $14 g4 48. Rxa6+ Kg5 49. Re6 $1 {[%emt 0:04:13] Strongly threatening a6.} Rd2 $1 50. Kg3 Rxf2 51. Re5+ $1 Kf6 $1 52. Re3 Ra2 {[%emt 0:01:24] Prevents Ra3} 53. Kxg4 {[%emt 0:00:06] And now Re6+ would win.} Nf2+ $1 54. Kf3 {[%emt 0:02:19] Re2 is the strong threat.} Nd1 55. Rb3 (55. Rd3 $1 $14 Nb2 56. Rd2 Ra3+ 57. Ke4 Nxc4 58. Rf2+ Kg7 59. Bxc4 Rxa5 60. Rf7+ Kh6 61. Bd5) 55... Rxa5 ({Black should try} 55... Ke5 $1 $11) 56. Ke2 Ra1 57. c5 {[%emt 0:00:12] aiming for c6.} Ra5 58. Kxd1 Rxc5 {[%emt 0:00:02] KRB-KR} 59. Be4 g5 60. Ke2 g4 61. Kf2 Kg5 62. Kg3 Ra5 63. Bc6 Rc5 64. Bd7 Rc4 65. Ra3 Rb4 66. Be6 Rd4 67. Ra5+ Kf6 68. Bxg4 Rd3+ 69. Kf4 Rd4+ 70. Kf3 Rb4 71. Bf5 Rc4 72. Be4 Rc1 73. Kf4 Rf1+ 74. Bf3 Re1 75. Rb5 Ke7 76. Be4 Kd6 77. Rb6+ Kc5 78. Rc6+ Kd4 79. Rd6+ Kc5 80. Rd8 Rg1 81. Ke5 Rg5+ 82. Bf5 Rh5 83. Rc8+ Kb5 84. Rc1 Rg5 85. Ke4 Kb6 86. Be6 Rc5 87. Bc4 Rh5 88. Kd4 Rg5 89. Bd5 Rg4+ 90. Be4 Kb5 91. Rh1 Kb4 92. Rb1+ Ka4 93. Kd5 (93. Re1 $14 Kb5 94. Rb1+ Ka4 95. Rb8) 93... Ka3 {[%emt 0:00:10] The position is equal.} 94. Rb8 Rh4 95. Bd3 Rb4 96. Rc8 Rh4 97. Be4 Kb3 98. Rc7 Rg4 99. Kd4 Kb4 100. Rh7 Kb5 101. Rb7+ Ka4 102. Kd5 Ka3 103. Rc7 Kb3 104. Rc4 {[%emt 0:00:36] White threatens Bc2+ and mate.} Rg5+ 105. Kd4 Rg4 106. Rc1 Kb4 107. Rb1+ Ka4 108. Kd5 Ka3 109. Bd3 Rb4 110. Rh1 Rg4 111. Be4 Kb3 112. Rc1 Rh4 113. Kd4 Kb4 114. Rb1+ Ka4 115. Rb7 Rg4 116. Kd5 {[%emt 0:00:05] White really could win this.   Weighted Error Value: White=0.11 (very precise) /Black=0.11 (very precise) .  Mistake:       	White=6     	Black=5      Inaccurate:     	White=1     	Black=2      OK:         	White=31    	Black=38     Best:        	White=5     	Black=10     Strong:       	White=5     	Black=4} 1/2-1/2